 Dungeon Crawl Stone Soup version 0.28.0-1-gb440e238dd (webtiles) character file.

Game seed: 9901156230708266902

86 Sanktem7 the Skirmisher (level 4, -1/41 HPs)
             Began as a Minotaur Fighter on Feb 25, 2022.
             Slain by Crazy Yiuf (4 damage)
             ... on level 2 of the Dungeon.
             The game lasted 00:02:44 (1825 turns).

Sanktem7 the Skirmisher (Minotaur Fighter)          Turns: 1825, Time: 00:02:45

Health: -1/41      AC:  8    Str: 22    XL:     4   Next: 27%
Magic:  3/3        EV:  9    Int:  5    God:
Gold:   39         SH:  4    Dex: 10    Spells: 3/3 levels left

rFire   . . .      SeeInvis .   a - +0 war axe {axe}
rCold   . . .      Faith    .   c - +0 buckler
rNeg    . . .      Spirit   .   b - +0 scale mail
rPois   .          Reflect  .   (helmet restricted)
rElec   .          Harm     .   (no cloak)
rCorr   .          Rampage  .   i - +0 pair of gloves
Will    .....                   (no boots)
Stlth   ..........              (no amulet)
HPRegen 0.13/turn               (no ring)
MPRegen 0.08/turn               (no ring)

@: lethally poisoned (-1 -> -9)
A: horns 2, retaliatory headbutt
a: no special abilities


You were on level 2 of the Dungeon.
You visited 1 branch of the dungeon, and saw 2 of its levels.

You collected 39 gold pieces.


Innate Abilities, Weirdness & Mutations

You have a pair of horns on your head.
You reflexively headbutt those who attack you in melee.


   Skills:
 * Level 4.8 Fighting
 * Level 4.0 Axes
 + Level 4.2 Armour
 - Level 3.6 Shields


You had 3 spell levels left.
You didn't know any spells.
Your spell library was empty.

Inventory:

Hand Weapons
 a - a +0 war axe (weapon) {axe}
 o - a +3 hunting sling {sling}
   (You took it off a goblin on level 2 of the Dungeon)
 p - a +2 dagger of draining {short}
   (You took it off a goblin on level 2 of the Dungeon)
Missiles
 l - 10 bolts
 n - 115 stones (quivered) {throwing}
 q - 6 poisoned darts {throwing}
Armour
 b - a +0 scale mail (worn)
 c - a +0 buckler (worn)
 i - a +0 pair of gloves (worn)
   (You found it on level 1 of the Dungeon)
Jewellery
 h - a ring of willpower
   (You found it on level 1 of the Dungeon)
Scrolls
 g - 2 scrolls of teleportation {unknown}
 k - a scroll of enchant weapon {unknown}
 m - a scroll of identify {unknown}
Potions
 d - a potion of might
 e - a potion of flight {unknown}
 f - a potion of attraction {unknown}
 j - a potion of curing {unknown}

Dungeon Overview and Level Annotations

Branches:
Dungeon (2/15)

Altars:

Annotations:
D:2 Crazy Yiuf

#.# #....#
#....#
#..##.###
#.# #...##
#.#..#
####...#.#
#.# ###.#
##...#
#....#.).#
#.# #...#
##.##
####...#.#
#.###.###
##.# #####.#
#.##)..##
#.## #.#
#.#.....##
##.# #.#
#........#
#.## ###.###
#....†...#
#@# #.....#
##....)..#
#.{.#
#.....#
##.....##
#...#
######......
#.....#
#)..#
#..........#
#.....#
#####
######.....#
#.>...#
#####.#
#.....# #.#
###.### #.#
#.# #.#


There were no monsters in sight!


Message History

No target in view!
No target in view!
n - 115 stones {throwing} (gained 10)
You see here a +0 dagger {short}.
Found a stone staircase leading down.
Key pressed, stopping explore.
An adder comes into view.
The adder hisses angrily.
An adder is nearby!
An adder is nearby!
An adder is nearby!
The adder barely misses you. You furiously retaliate!
You headbutt the adder. You miss the adder. You block the adder's attack.
You hit the adder. The adder closely misses you. You furiously retaliate!
You headbutt the adder.
You kill the adder!
No target in view!
No target in view!
No target in view!
No target in view!
No target in view!
A rat comes into view.
A rat is nearby!
A rat is nearby!
A rat is nearby!
The rat barely misses you.
You barely miss the rat. You block the rat's attack.
The rat closely misses you.
You slash the rat!
You kill the rat!
No target in view!
No target in view!
No target in view!
No target in view!
No target in view!
You open the door.
There is an open door here.
There is an open door here.
Things that are here:
a +0 club {mace}; a +0 hunting sling {sling} A goblin comes into view.
It is wielding a +0 dagger.
A goblin is nearby!
A goblin is nearby!
The goblin hits you but does no damage.
You barely miss the goblin. You headbutt the goblin.
You kill the goblin!
No target in view!
No target in view!
No target in view!
No target in view!
No target in view!
A quokka comes into view.
A quokka is nearby!
A quokka is nearby!
A quokka is nearby!
You hit the quokka but do no damage. Your headbutt misses the quokka.
The quokka barely misses you.
You hit the quokka. You headbutt the quokka.
You kill the quokka!
Your Axes skill increases to level 4!
No target in view!
No target in view!
No target in view!
No target in view!
No target in view!
No target in view!
No target in view!
You see here a quokka corpse.
Key pressed, stopping explore.
There is a stone staircase leading down here.
You see here a +0 dagger {short}.
You see here a +0 whip {mace}.
You see here a +0 whip {mace}.
Crazy Yiuf shouts!
You open the door.
Crazy Yiuf screams, "Castle toodlewoodle unthinkable!"
Crazy Yiuf drinks a potion.
Crazy Yiuf flickers and vanishes!
Deactivating autopickup; reactivate with Ctrl-A.
There is an open translucent door here.
You closely miss something. Something hits you!
You are poisoned.
Something hits you. 😮 HP[-15]
You take 15 damage, and now have 26/41 hp.
MASSIVE DAMAGE!! (PAUSE)
You barely miss something. Your headbutt misses something.
You feel very sick. Something hits you.
* * * LOW HITPOINT WARNING * * *
Something burns you.
* * * LOW HITPOINT WARNING * * *
😨 HP[-8]
You take 8 damage, and now have 18/41 hp.
You closely miss something.
You feel very sick. Something hits you!
* * * LOW HITPOINT WARNING * * *
Something burns you.
You die...

Skill      XL: |  1  2  3  4 |
---------------+-------------+-----
Fighting       | 4 |  4.8
Axes           | 3 4 |  4.0
Armour         | 4 |  4.2
Shields        | |  3.6

Action                   |  1- 3 |  4- 6 || total
-------------------------+-------+-------++-------
Melee: War axe           |    92 |    20 ||   112
       Headbutt          |    11 |     3 ||    14
Armor: Scale mail        |    43 |     9 ||    52
Dodge: Dodged            |    51 |     8 ||    59
Block: Buckler           |    22 |     5 ||    27

Levels and vault maps discovered:
D:1:      dpeg_arrival_another_circle, layout_basic,
          ebering_ecumenical_altar_webs, hangedman_decor_growths
D:2:      layout_loops_ring, kennysheep_nondescript, uniq_crazy_yiuf_cottage,
          uniq_robin

Notes
Turn   | Place    | Note
-------+----------+-------------------------------------------
     0 | D:1      | Sanktem7 the Minotaur Fighter began the quest for the Orb.
     0 | D:1      | Reached XP level 1. HP: 19/19 MP: 0/0
     0 | D:1      | magus.rc [v1.9.6]
   257 | D:1      | Reached XP level 2. HP: 27/27 MP: 1/1
   259 | D:1      | Reached skill level 4 in Fighting
   263 | D:1      | Reached skill level 3 in Axes
   409 | D:1      | Found a faded altar of an unknown god.
   768 | D:2      | Reached skill level 4 in Armour
   769 | D:2      | Reached XP level 3. HP: 33/33 MP: 2/2
   850 | D:2      | Found a runed translucent door.
   851 | D:2      | Noticed Crazy Yiuf
   961 | D:2      | Noticed Robin
   979 | D:2      | Killed Robin
   983 | D:2      | HP: 8/34 [goblin[Robin] (1)]
   997 | D:2      | HP: 4/34 [goblin[Robin] (3)]
  1000 | D:2      | Reached XP level 4. HP: 5/40 MP: 3/3
  1663 | D:2      | Reached skill level 4 in Axes
  1825 | D:2      | HP: 3/41 [something (11)]
  1825 | D:2      | Slain by Crazy Yiuf

Vanquished Creatures
  Robin (D:2)
  An adder (D:2)
  A worm (D:2)
  3 dart slugs (D:2)
  5 ball pythons
  An endoplasm (D:1)
  3 giant cockroaches (D:2)
  13 goblins
  5 hobgoblins (D:2)
  4 jackals (D:1)
  4 quokkas
  A frilled lizard (D:1)
  5 kobolds
  5 rats
52 creatures vanquished.

Table legend:
 A = Non-vault XP
 B = Vault XP
 C = Vault XP percentage of total XP
 D = Non-vault monster count
 E = Vault monster count
 F = Vault count percentage of total count
                 A         B        C        D         E       F
            +---------+---------+-------+---------+---------+-------
      Total |      88 |      36 |  29.0 |      40 |      12 |  23.1
            +---------+---------+-------+---------+---------+-------
        D:1 |      33 |       0 |   0.0 |      20 |       0 |   0.0
        D:2 |      55 |      36 |  39.6 |      20 |      12 |  37.5
            +---------+---------+-------+---------+---------+-------

Illustrated notes

Table legend:
 A = Kills in this place as a percentage of kills in entire the game.
 B = Kills by you in this place as a percentage of kills by you in the entire game.
 C = Kills by friends in this place as a percentage of kills by friends in the entire game.
 D = Other kills in this place as a percentage of other kills in the entire game.
 E = Experience gained in this place as a percentage of experience gained in the entire game.
 F = Experience gained in this place divided by the number of levels of this place that you have seen.
                   A       B       C       D       E      F
               +-------+-------+-------+-------+-------+----------------------
         Total | 100.0 | 100.0 |   N/A |   N/A | 100.0 |  62.0
       Dungeon | 100.0 | 100.0 |   N/A |   N/A | 100.0 |  62.0
               +-------+-------+-------+-------+-------+----------------------

Table legend: (Time is in decaauts)
 A = Elapsed time spent in this place.
 B = Non-inter-level travel time spent in this place.
 C = Inter-level travel time spent in this place.
 D = Time resting spent in this place.
 E = Time spent auto-exploring this place.
 F = Levels seen in this place.
 G = Mean time per level.
                   A        B        C        D        E       F      G
               +--------+--------+--------+--------+--------+-----+--------+
         Total |   1867 |   1828 |     39 |    370 |   1162 |   2 |  933.5 |
       Dungeon |   1867 |   1828 |     39 |    370 |   1162 |   2 |  933.5 |
               +--------+--------+--------+--------+--------+-----+--------+

Top non-repeatable levels by time:
     D:2: 1097 daAuts
     D:1: 770 daAuts
